 Dungeon Sprint DCSS version 0.30.0-5-g1a98f26d00 (webtiles) character file.

Game seed: 16938675347872797163

414 Groucho the Unseen (level 6, -1/24 (28) HPs)
             Began as a Felid Berserker on May 12, 2023.
             Was a Believer of Trog.
             Slain by a necrophage (7 damage)
             ... in the Dungeon (Sprint II: "The Violet Keep of Menkaure").
             The game lasted 00:00:57 (94 turns).

Groucho the Unseen (Felid Berserker)                  Turns: 94, Time: 00:00:58

HP:   -1/24 (28)    AC:  2    Str: 15    XL:     6   Next: 60%
MP:   7/7           EV: 18    Int:  9    God:    Trog [**....]
Gold: 0             SH:  0    Dex: 15    Spells: 5/5 levels left
                                        Lives: 0   Deaths: 1

rFire   . .          .
                       - Unarmed
rCold   . . .        (shield unavailable)
rNeg    . . .        (body armour unavailable)
rPois   .            (helmet unavailable)
rElec   .            (cloak unavailable)
rCorr   .            (gloves unavailable)
SInv    +            (boots unavailable)
Will    .....        (no amulet)
Stlth   +++++++      (no ring)
HPRegen 0.24/turn    (no ring)
MPRegen 0.10/turn

%: no teleportation
@: on berserk cooldown, slowed, heavily drained, slow
A: very small, claws 1, fangs 3, see invisible, speed 1, shaggy fur 2, stealthy
paws, no weapons or thrown items, no armour, multi-lived
a: Renounce Religion, Berserk, Trog's Hand


You were in the Dungeon.
You worshipped Trog.
Trog was pleased with you.
You visited 1 branch

Inventory:

Scrolls
 f - a scroll of blinking
Potions
 c - a potion of haste
 d - 2 potions of magic
 e - a potion of berserk rage


   Skills:
 + Level 3.3 Fighting
 + Level 4.5 Dodging
 + Level 19.6 Stealth
 + Level 3.3 Unarmed Combat


You had 5 spell levels left.
You didn't know any spells.
Your spell library was empty.

Dungeon Overview and Level Annotations

Branches:
Dungeon (1/1)

Altars:

Shops:
D !

Annotations:
D exclusion: obsidian statue


Innate Abilities, Weirdness & Mutations

You have sharp claws.
You have razor-sharp teeth.
You have supernaturally acute eyesight. (SInv)
You cover ground quickly. (Speed+)
You are covered in thick fur. (AC +2)
Your paws help you pounce on unaware monsters.
You are incapable of wielding weapons or throwing items.
You cannot wear armour.
You gain extra lives every three experience levels.


Message History

The neqoxec gestures at you.
Something tries to feed on your intellect!
The necrophage hits you.
You feel drained. The necrophage misses you. The necrophage hits you.
* * * LOW HITPOINT WARNING * * *
You scratch the necrophage.
The necrophage is moderately damaged.
You feel sick. The necrophage closely misses you.
The necrophage completely misses you. The necrophage misses you.
The necrophage hits you but does no damage.
The necrophage closely misses you. The necrophage barely misses you.
Unknown command.
Unknown command.
You feel much better.
Your skin stops crawling.
You feel less strong-willed.
You feel sick. The necrophage hits you.
You feel drained. The necrophage hits you.
You feel drained. The necrophage closely misses you.
You feel better.
The walls and floor vibrate strangely for a moment.
The necrophage misses you.
The necrophage is engulfed in a cloud of scalding steam.
The necrophage hits you. The necrophage closely misses you.
The necrophage is engulfed in a cloud of scalding steam.
The necrophage hits you. The necrophage misses you.
The necrophage hits you but does no damage.
You scratch the necrophage but do no damage.
The necrophage is moderately damaged.
The necrophage is engulfed in a cloud of scalding steam.
The necrophage barely misses you. The necrophage misses you. x2
Unknown command.
Unknown command.
Unknown command.
The neqoxec is engulfed in a cloud of scalding steam.
The necrophage barely misses you.
You claw the necrophage!
The necrophage is almost destroyed.
The necrophage hits you.
* * * LOW HITPOINT WARNING * * *
The necrophage hits you!
You die...

§§≈§§≈≈§ # ≈§§≈§
##~~#+++#○'+##
#~~~.....○○..#
#~~~~†##'##..#
#~~~~##.#.##.####
#~~~~#.B B.#....#
#~~####. 3####..##
#~##.###+###.##n@#
#~ #.3##.##..§#nn#
+ #3†.<.+ #$3..#
#3##.##..§#.†..#
#.#
#+###.##....§.~~
## ## ~~.....~#
~~§~~§..~#
~§§§§~§.~#
~~≈≈§§~§~~#


You could see a neqoxec and 3 necrophages.

Vanquished Creatures
  2 neqoxecs (D)
  2 water moccasins (D)
  A necrophage (D)
5 creatures vanquished.

Vanquished Creatures (others)
  Menkaure (D)
1 creature vanquished.

Grand Total: 6 creatures vanquished

Notes
Turn   | Place    | Note
-------+----------+-------------------------------------------
     0 | D        | Groucho the Felid Berserker began the quest for the Orb.
     0 | D        | Reached XP level 1. HP: 10/10 MP: 2/2
     1 | D        | Noticed a neqoxec
     1 | D        | Noticed a neqoxec
     1 | D        | Noticed a neqoxec
     1 | D        | Noticed a neqoxec
     6 | D        | Killed a neqoxec
     7 | D        | Reached skill level 13 in Stealth
     7 | D        | Reached XP level 2. HP: 14/14 MP: 3/3
     7 | D        | Reached XP level 3. HP: 17/17 MP: 4/4
     7 | D        | Reached XP level 4. HP: 21/21 MP: 5/5
     9 | D        | HP: 1/31 [neqoxec (14)]
     9 | D        | Mangled by a neqoxec
    10 | D        | Reached XP level 3. HP: -7/25 MP: 4/4
    10 | D        | Noticed a water moccasin
    12 | D        | Noticed an obsidian statue
    15 | D        | Found Ahaere's Distillery.
    16 | D        | Killed a water moccasin
    17 | D        | Reached skill level 16 in Stealth
    17 | D        | Reached XP level 4. HP: 21/21 MP: 5/5
    17 | D        | Reached XP level 5. HP: 24/24 MP: 6/6
    19 | D        | Noticed a boulder beetle
    19 | D        | Noticed a boulder beetle
    29 | D        | Killed a neqoxec
    29 | D        | Reached ** piety under Trog
    30 | D        | Reached skill level 18 in Stealth
    30 | D        | Gained mutation: You are covered in thick fur. (AC +2)
                  | [Felid growth]
    30 | D        | Reached XP level 6. HP: 28/28 MP: 7/7
    42 | D        | Killed Menkaure
    43 | D        | Noticed a water moccasin
    79 | D        | Reached skill level 19 in Stealth
    84 | D        | Killed a water moccasin
    94 | D        | Slain by a necrophage

Illustrated notes

Levels and vault maps discovered:
D:        the_violet_keep_of_menkaure [sprint2_stairs_cluster_1,
          sprint2_shoproom, sprint2_temple, sprint2_basic_supplies,
          sprint2_obstacle_4, sprint2_obstacle_5, sprint2_obstacle_3,
          sprint2_obstacle_6, sprint2_obstacle_7, sprint2_timed_cluster_1,
          sprint2_smallroom_cluster_1, sprint2_smallroom_final_cluster_1,
          sprint2_transparent_cluster_1, sprint2_second_timed_cluster_1,
          sprint2_sniper_area_1, sprint2_heavy_combat_area_1,
          sprint2_mutation_trap_area_1, sprint2_forest_area_1,
          sprint2_light_combat_area_1, sprint2_behind_water_1,
          sprint2_near_end_vault_1]

Skill      XL: |  1  2  3  4  5  6 |
---------------+-------------------+-----
Stealth        | 13 16 18 19 | 19.6
Fighting       | |  3.3
Dodging        | |  4.5
Unarmed Combat | |  3.3

Action                     |  1- 3 |  4- 6 || total
---------------------------+-------+-------++-------
  Melee: Unarmed           |     5 |    26 ||    31
         Punch             |       |     1 ||     1
         Bite              |       |     1 ||     1
 Invoke: Berserk           |     1 |     2 ||     3
         Trog's Hand       |       |     1 ||     1
    Use: Potion            |       |     2 ||     2
   Stab: Sleeping          |     1 |       ||     1
 Armour: Skin              |       |     4 ||     4
  Dodge: Dodged            |     1 |    35 ||    36
